cohdb
Replays
Latest Replays
All Replays
Popular Replays
Top Player Replays
Match Explorer
How It Works
Community
CoH3 Stats
Reddit
Sign in to upload your games and track your stats! →
Sign in with Steam
Match 45268483
Unlisted
Match 45268483
Overview
Messages
Build Orders
End
Panzergrenadier Squad
Selects Panzerjäger Kommand Battlegroup
Selects Blockade Equipment
250 Light Carrier
Panzergrenadier Squad
Construct Light Support Kompanie
Selects Tank Busters
Fire Support Elements
Veteran Squad Leaders
Panzerjäger Mechanized Group
Vehicle Survival Package
2.5-tonne Medical Truck
Selects Defensive Positions
Pak 38 Anti-tank Gun Team
Construct Panzerarmee Kommand
Panzerjäger Mechanized Group
Rapid Advance
Selects Crew Shock Tactics
Armored Reserves
Emergency Repair Kits
Panzerpioneer Squad
Tiger Heavy Tank
Advanced Optics
Tungsten Core Ammunition
Wolf 0815
LeVisir
Henkolicious
RadioActiveMan
.
Ryan
TheStorm
고구마줄거리
0
0
Comments
sign in to comment!
No comments posted yet!